[ AOE2 MATCH · #477132535 ]
UnrankedBohemians vs Persians
Player's team · LOSS
[ REPLAY ANALYSIS · EXTRACTED FROM THE RECORDED GAME ]
Feudal
—
Castle
—
Imperial
—
| APM avg | 13.6 |
| APM peak | 19 |
| eAPM avg | 6.1 |
| Villagers / military | 0 / 0 |
Focus
⚔️ 0.0% · 🌾 100.0%
Feudal
—
Castle
—
Imperial
—
| APM avg | 39.6 |
| APM peak | 49 |
| eAPM avg | 13.6 |
| Villagers / military | 7 / 0 |
Focus
⚔️ 0.0% · 🌾 100.0%
Feudal
—
Castle
—
Imperial
—
| APM avg | 31.4 |
| APM peak | 38 |
| eAPM avg | 10.9 |
| Villagers / military | 5 / 0 |
Focus
⚔️ 0.0% · 🌾 100.0%
Feudal
—
Castle
—
Imperial
—
| APM avg | 10.9 |
| APM peak | 16 |
| eAPM avg | 8.9 |
| Villagers / military | 5 / 0 |
Focus
⚔️ 0.0% · 🌾 100.0%
Feudal
—
Castle
—
Imperial
—
| APM avg | 38.9 |
| APM peak | 50 |
| eAPM avg | 4.1 |
| Villagers / military | 0 / 0 |
Focus
⚔️ 0.0% · 🌾 100.0%
Feudal
—
Castle
—
Imperial
—
| APM avg | 24.6 |
| APM peak | 28 |
| eAPM avg | 10.2 |
| Villagers / military | 4 / 0 |
Focus
⚔️ 0.0% · 🌾 100.0%
Feudal
—
Castle
—
Imperial
—
| APM avg | 26.6 |
| APM peak | 21 |
| eAPM avg | 12.3 |
| Villagers / military | 4 / 0 |
Focus
⚔️ 0.0% · 🌾 100.0%
Feudal
—
Castle
—
Imperial
—
| APM avg | 52.5 |
| APM peak | 57 |
| eAPM avg | 16.4 |
| Villagers / military | 6 / 0 |
Focus
⚔️ 0.0% · 🌾 100.0%
Match map
Initial resources + every placement click. Lines = walls · curves = elevation contours. ◆ gold · ⬟ stone · ● berries · ✦ relic · ◌ wall gap
Your base
Bikini bottoms's base
JuanitoCaminante~'s base
☾☆ KaaN ☯'s base
FlyController's base
lothal's base
twitch.tv/itzCarmona's base
1111's base
Smoothed initial terrain · ◌ = detected wall gap · hover for details
Inputs per minute
— dcpromo26 - - Bikini bottoms
Build order — dcpromo26
5 actions detected in the replay
| 0:20 | Build | Mill |
| 0:50 | Build | House |
| 0:51 | Build | House |
| 0:53 | Build | House |
| 0:54 | Build | House |
Build order — Bikini bottoms
9 actions detected in the replay
| 0:03 | Create | Villager (Male) |
| 0:03 | Create | Villager (Male) |
| 0:03 | Create | Villager (Male) |
| 0:04 | Create | Villager (Male) |
| 0:05 | Build | House |
| 0:10 | Build | House |
| 0:55 | Create | Villager (Male) |
| 0:56 | Create | Villager (Male) |
| 0:56 | Create | Villager (Male) |
Build order — JuanitoCaminante~
7 actions detected in the replay
| 0:02 | Create | Villager (Male) |
| 0:02 | Create | Villager (Male) |
| 0:02 | Create | Villager (Male) |
| 0:04 | Build | House |
| 0:06 | Build | House |
| 0:37 | Create | Villager (Male) |
| 0:38 | Create | Villager (Male) |
Build order — ☾☆ KaaN ☯
8 actions detected in the replay
| 0:08 | Build | House |
| 0:10 | Build | House |
| 0:13 | Create | Villager (Male) |
| 0:13 | Create | Villager (Male) |
| 0:13 | Create | Villager (Male) |
| 0:13 | Create | Villager (Male) |
| 0:14 | Create | Villager (Male) |
| 0:24 | Build | House |
Build order — FlyController
2 actions detected in the replay
| 0:15 | Build | House |
| 0:22 | Build | House |
Build order — lothal
8 actions detected in the replay
| 0:12 | Research | Loom |
| 0:13 | Create | Villager (Male) |
| 0:14 | Create | Villager (Male) |
| 0:14 | Create | Villager (Male) |
| 0:14 | Create | Villager (Male) |
| 1:06 | Build | House |
| 1:07 | Build | House |
| 1:08 | Build | House |
Build order — twitch.tv/itzCarmona
4 actions detected in the replay
| 0:04 | Create | Villager (Male) |
| 0:04 | Create | Villager (Male) |
| 0:04 | Create | Villager (Male) |
| 0:04 | Create | Villager (Male) |
Build order — 1111
9 actions detected in the replay
| 0:06 | Build | House |
| 0:13 | Research | Loom |
| 0:14 | Create | Villager (Male) |
| 0:14 | Create | Villager (Male) |
| 0:14 | Create | Villager (Male) |
| 0:14 | Create | Villager (Male) |
| 0:15 | Create | Villager (Male) |
| 0:15 | Create | Villager (Male) |
| 0:22 | Build | House |
Match timeline
| 1:07 | dcpromo26 · resign |
[ AI ANALYSIS · 1 CREDIT ]
What really happened in this match?
Wolo.gg analyzes every decision: build order, eco, micro, common mistakes by bracket. Personalized analysis on WhatsApp or Discord in 30 seconds.
Civ guide
Bohemians
Perfil
Jugador #1474486